 Dungeon Crawl Stone Soup version 0.27.1-2-g3b301248ec (webtiles) character file.

Game seed: 14743483241900258127

9 vvl the Insei (level 2, 0/21 HPs)
             Began as a Merfolk Transmuter on Sept 30, 2021.
             Slain by a kobold (5 damage)
             ... on level 1 of the Dungeon.
             The game lasted 00:00:25 (87 turns).

vvl the Insei (Merfolk Transmuter)                    Turns: 87, Time: 00:00:25

Health: 0/21       AC:  2    Str: 10    XL:     2   Next: 16%
Magic:  5/5        EV: 12    Int: 12    God:
Gold:   12         SH:  0    Dex: 14    Spells: 4/5 levels left

rFire    . . .     SeeInvis .     - Unarmed
rCold    . . .     Faith    .   (no shield)
rNeg     . . .     Spirit   .   a - +0 robe
rPois    .         Reflect  .   (no helmet)
rElec    .         Harm     .   (no cloak)
rCorr    .         Rampage  .   (no gloves)
Will     .....                  (no boots)
Stlth    +.........             (no amulet)
HPRegen  0.07/turn              (no ring)
MPRegen  0.09/turn              (no ring)

@: no status effects
A: (nimble swimmer 2), mertail
a: no special abilities


You were on level 1 of the Dungeon.
You visited 1 branch of the dungeon, and saw 1 of its levels.

You collected 12 gold pieces.

Inventory:

Armour
 a - a +0 robe (worn)


   Skills:
 + Level 1.2 Fighting
 + Level 2.8 Dodging
 * Level 3.5 Unarmed Combat
 + Level 2.1 Spellcasting
 * Level 3.1 Transmutations


You had 4 spell levels left.
You knew the following spells:

 Your Spells              Type           Power      Damage    Failure   Level
a - Beastly Appendage     Tmut           16%        N/A       8%          1

Your spell library contained the following spells:

 Spells                   Type           Power      Damage    Failure   Level
 Wereblood                Tmut           8%         N/A       12%         2
 Spider Form              Tmut/Pois      2%         N/A       41%         3
 Ice Form                 Ice/Tmut       4%         N/A       82%         4


Dungeon Overview and Level Annotations

Branches:
Dungeon (1/15)

Altars:


Innate Abilities, Weirdness & Mutations

((You are quick and stealthy near water. (Stealth+, EV+, Speed+++)))
Your lower body shifts to a powerful aquatic tail in water.


Message History

You kill the rat!
Your transformation is almost over.
The ball python barely misses you. The ball python completely misses you.
You barely miss the ball python. Your headbutt misses the ball python.
The ball python barely misses you. The ball python grabs you.
The ball python constricts you.
You hit the ball python.
The ball python is heavily wounded.
The goblin closely misses you. The ball python completely misses you.
The ball python constricts you.
You hit the ball python.
You kill the ball python!
A kobold comes into view. It is wielding a +0 whip.
The goblin hits you with a +0 dagger.
Your Transmutations skill increases to level 3!
You hit the goblin.
You kill the goblin!
The giant cockroach bites you.
You have reached level 2!
You closely miss the giant cockroach. The giant cockroach bites you.
You hit the giant cockroach but do no damage.
Your headbutt misses the giant cockroach.
The frilled lizard closely misses you.
The giant cockroach bites you but does no damage.
You hit the giant cockroach but do no damage.
The frilled lizard closely misses you. The giant cockroach barely misses you.
You closely miss the giant cockroach. You headbutt the giant cockroach.
You kill the giant cockroach!
The frilled lizard bites you.
You punch the frilled lizard!
You kill the frilled lizard!
The kobold throws a stone.
The stone hits you.
A rat comes into view.
Your horns disappear.
The kobold hits you with a +0 whip.
* * * LOW HITPOINT WARNING * * *
Things that are here:
a frilled lizard corpse; a ball python corpse You barely miss the kobold.
The kobold hits you with a +0 whip.
You die...

.##..#.)#....#....
........)........ ....
....##..##.#..... ....
.....##..#...#.# .....
.............#.# ... #
...........#.#.###.##.#
....######.............
.. ##...)†...# #
##.#.#@K##
#.#†)........
.......#.....
.........# ....
..r......# ...
........... ..
............. #
.............


You could see a kobold and a rat.

Vanquished Creatures
  A ball python (D:1)
  A giant cockroach (D:1)
  2 goblins (D:1)
  A hobgoblin (D:1)
  2 frilled lizards (D:1)
  A kobold (D:1)
  A rat (D:1)
9 creatures vanquished.

Notes
Turn   | Place    | Note
-------+----------+-------------------------------------------
     0 | D:1      | vvl the Merfolk Transmuter began the quest for the Orb.
     0 | D:1      | Reached XP level 1. HP: 15/15 MP: 3/3
    81 | D:1      | Reached XP level 2. HP: 15/21 MP: 5/5
    87 | D:1      | Slain by a kobold

Illustrated notes

Levels and vault maps discovered:
D:1:      erik_arrival_blinker_ship, layout_rooms, shapermc_ecumenical_altar_gd

Skill      XL: |  1 |
---------------+----+-----
Transmutations | 3 |  3.1
Fighting       | |  1.2
Dodging        | |  2.8
Unarmed Combat | |  3.5
Spellcasting   | |  2.1

Action                   || total
-------------------------++-------
Melee: Unarmed           ||    20
       Headbutt          ||     1
 Cast: Beastly Appendage ||     2
Armor: Robe              ||     1
Dodge: Dodged            ||    13
